3AA
SAN ANTONIO BC @ ASHEVILLE HIGHLANDERS
08/08/2034
 
TOP OF THE 1ST
San Antonio BC batting - Pitching for Asheville Highlanders : RHP Jacob Petithomme
Pitching: RHP Jacob Petithomme
Batting: RHB Alfonso Torres 0-0: Foul Ball, location: 2F
0-1: Foul Ball, location: 2F
0-2: Fly out, F6 (Popup, 6)
Batting: RHB Ben Hampton 0-0: Ball
1-0: Ground out 5-3 (Groundball, 5S)
Batting: RHB Mike Howard 0-0: Ball
1-0: Ball
2-0: Called Strike
2-1: Foul Ball, location: 2F
2-2: DOUBLE (Line Drive, 7LM)
Batting: RHB Tom Bancroft 0-0: Called Strike
0-1: Foul Ball, location: 2F
0-2: Fly out, F8 (Flyball, 8RXD)
Top of the 1st over - 0 runs, 1 hit, 0 errors, 1 left on base; San Antonio 0 - Asheville 0
BOTTOM OF THE 1ST
Asheville Highlanders batting - Pitching for San Antonio BC : RHP Shawn Coleman
Pitching: RHP Shawn Coleman
Batting: SHB Daniel Brewer 0-0: Ground out 4-3 (Groundball, 4)
Batting: LHB King Rutledge 0-0: Foul Ball, location: 2F
0-1: Ball
1-1: Ball
2-1: Ball
3-1: Base on Balls
Batting: LHB DeMarvion Overshown 0-0: Ball
1-0: Ball
2-0: Called Strike
2-1: Called Strike
2-2: Ball
King Rutledge steals 2nd base
3-2: Foul Ball, location: 2F
3-2: Base on Balls
Pitching: RHP Júlio Luna
Batting: LHB Johnny Carter 0-0: Called Strike
0-1: Called Strike
0-2: Foul Ball, location: 2F
0-2: Fly out, F5 (Popup, 5DF)
Batting: RHB Tae-wan Park 0-0: Ball
1-0: Ball
2-0: SINGLE (Line Drive, 6MD)
King Rutledge to third
DeMarvion Overshown to second
Runner from 3rd tries for Home, SAFE, no throw
Batting: LHB Luis Serrano 0-0: Called Strike
0-1: Ball
1-1: SINGLE (Groundball, 34D)
DeMarvion Overshown to third
Tae-wan Park to second
Runner from 3rd tries for Home, SAFE, no throw
Batting: RHB Arnie Taylor 0-0: DOUBLE (Flyball, 8LD)
Tae-wan Park scores
Luis Serrano to third
Batting: SHB Jeff Lowe 0-0: Called Strike
0-1: Ball
1-1: Swinging Strike
1-2: Strikes out swinging
Bottom of the 1st over - 3 runs, 3 hits, 0 errors, 2 left on base; San Antonio 0 - Asheville 3
TOP OF THE 2ND
San Antonio BC batting - Pitching for Asheville Highlanders : RHP Jacob Petithomme
Batting: RHB Silverberry Mouhon 0-0: Swinging Strike
0-1: Ball
1-1: Fly out, F7 (Flyball, 78S)
Batting: RHB Phil Gillespie 0-0: Ball
1-0: Ball
2-0: Ball
3-0: Called Strike
3-1: Foul Ball, location: 2F
3-2: Base on Balls
Batting: LHB Pablo Morales 0-0: Ball
1-0: Called Strike
1-1: Foul Ball, location: 2F
1-2: DOUBLE (Line Drive, 9LM)
Phil Gillespie to third
Batting: RHB Brodie Floyd 0-0: Ball
1-0: Ball
2-0: Ground out 5-3 (Groundball, 56)
Phil Gillespie scores
Batting: RHB Ramón Robles 0-0: Swinging Strike
0-1: Foul Ball, location: 2F
0-2: Ball
1-2: Foul Ball, location: 2F
1-2: Strikes out swinging
Top of the 2nd over - 1 run, 1 hit, 0 errors, 1 left on base; San Antonio 1 - Asheville 3
BOTTOM OF THE 2ND
Asheville Highlanders batting - Pitching for San Antonio BC : RHP Júlio Luna
Batting: RHB Yves Girard 0-0: Ball
1-0: Ball
2-0: Foul Ball, location: 2F
2-1: SINGLE (Groundball, 25) (infield hit)
Batting: SHB Daniel Brewer 0-0: Fielders Choice at 2nd, 6-4 (Groundball, 6)
Batting: LHB King Rutledge 0-0: Ball
1-0: Called Strike
1-1: Ball
2-1: Ball
3-1: Base on Balls
Daniel Brewer to second
Batting: LHB DeMarvion Overshown 0-0: Swinging Strike
0-1: Ball
1-1: Called Strike
Daniel Brewer steals 3rd base
King Rutledge to second
1-2: Ball
2-2: Foul Ball, location: 2F
2-2: DOUBLE (Line Drive, 8RD)
Daniel Brewer scores
King Rutledge scores
Batting: LHB Johnny Carter 0-0: Ball
1-0: Ball
2-0: Ball
3-0: Base on Balls
Batting: RHB Tae-wan Park 0-0: SINGLE (Line Drive, 78M)
DeMarvion Overshown to third
Johnny Carter to second
Batting: LHB Luis Serrano 0-0: Ball
1-0: Foul Ball, location: 2F
1-1: Ball
2-1: Ball
3-1: Base on Balls
DeMarvion Overshown scores
Johnny Carter to third
Tae-wan Park to second
Pitching: LHP Andrew Valdés
Batting: RHB Arnie Taylor 0-0: SINGLE (Groundball, 6D)
Johnny Carter scores
Tae-wan Park to third
Luis Serrano to second
Runner from 3rd tries for Home, SAFE, no throw
Batting: SHB Jeff Lowe 0-0: Ball
1-0: Ball
2-0: Reached on error, E4 (Groundball, 4M)
Luis Serrano to third
Arnie Taylor to second
Batting: RHB Yves Girard 0-0: Grounds into double play, 5-4-3 (Groundball, 56)
Bottom of the 2nd over - 5 runs, 4 hits, 1 error, 2 left on base; San Antonio 1 - Asheville 8
TOP OF THE 3RD
San Antonio BC batting - Pitching for Asheville Highlanders : RHP Jacob Petithomme
Batting: RHB Alfonso Torres 0-0: Called Strike
0-1: Ball
1-1: Called Strike
1-2: SINGLE (Line Drive, 78S)
Batting: RHB Ben Hampton 0-0: Ground out 6-3 (Groundball, 6MS)
Alfonso Torres to second
Batting: RHB Mike Howard 0-0: Swinging Strike
0-1: Ball
1-1: Swinging Strike
1-2: Strikes out swinging
Batting: RHB Tom Bancroft 0-0: Swinging Strike
0-1: Ball
1-1: Foul Ball, location: 2F
1-2: Ball
Wild Pitch!
Alfonso Torres to third
2-2: Foul Ball, location: 2F
2-2: 2-RUN HOME RUN (Flyball, 7LD), Distance : 360 ft
Batting: RHB Silverberry Mouhon 0-0: Ball
1-0: Ball
2-0: Ball
3-0: Called Strike
3-1: Foul Ball, location: 2F
3-2: Fly out, F8 (Flyball, 89XD)
Top of the 3rd over - 2 runs, 2 hits, 0 errors, 0 left on base; San Antonio 3 - Asheville 8
BOTTOM OF THE 3RD
Asheville Highlanders batting - Pitching for San Antonio BC : LHP Andrew Valdés
Batting: SHB Daniel Brewer 0-0: Ball
1-0: Called Strike
1-1: Called Strike
1-2: Ground out 6-3 (Groundball, 6)
Batting: LHB King Rutledge 0-0: Foul Ball, location: 2F
0-1: Ball
1-1: Fly out, F9 (Flyball, 9)
Batting: LHB DeMarvion Overshown 0-0: DOUBLE (Line Drive, 78D)
Batting: LHB Johnny Carter 0-0: Called Strike
0-1: Ball
1-1: Foul Ball, location: 2F
1-2: Ground out U3 (Groundball, 34)
Bottom of the 3rd over - 0 runs, 1 hit, 0 errors, 1 left on base; San Antonio 3 - Asheville 8
TOP OF THE 4TH
San Antonio BC batting - Pitching for Asheville Highlanders : RHP Jacob Petithomme
Batting: RHB Phil Gillespie 0-0: Ball
1-0: Ball
2-0: Ball
3-0: Foul Ball, location: 2F
3-1: SOLO HOME RUN (Line Drive, 7LD), Distance : 366 ft
Batting: LHB Pablo Morales 0-0: Called Strike
0-1: Ball
1-1: Ball
2-1: Fly out, F8 (Flyball, 8RS)
Batting: RHB Brodie Floyd 0-0: Called Strike
0-1: Ball
1-1: Called Strike
1-2: Ball
2-2: Ground out 5-3 (Groundball, 56)
Batting: RHB Ramón Robles 0-0: Ball
1-0: Foul Ball, location: 2F
1-1: DOUBLE (Line Drive, 89D)
Batting: RHB Alfonso Torres 0-0: Ball
1-0: Ball
2-0: Called Strike
2-1: Ball
3-1: SINGLE (Groundball, 4MD)
Ramón Robles to third
Runner from 3rd tries for Home, SAFE, no throw
Batting: RHB Ben Hampton 0-0: Ground out 4-3 (Groundball, 4)
Top of the 4th over - 2 runs, 3 hits, 0 errors, 1 left on base; San Antonio 5 - Asheville 8
BOTTOM OF THE 4TH
Asheville Highlanders batting - Pitching for San Antonio BC : LHP Andrew Valdés
Batting: RHB Tae-wan Park 0-0: Ball
1-0: Ball
2-0: Ball
3-0: Base on Balls
Batting: LHB Luis Serrano 0-0: Called Strike
0-1: Foul Ball, location: 2F
0-2: Strikes out swinging
Batting: RHB Arnie Taylor 0-0: Called Strike
0-1: Ball
1-1: Called Strike
1-2: Ball
2-2: Ball
3-2: Foul Ball, location: 2F
3-2: Base on Balls
Tae-wan Park to second
Batting: SHB Jeff Lowe 0-0: Ball
Tae-wan Park steals 3rd base
1-0: Fly out, F8 (Flyball, 8RM)
Runner from 3rd tags up, SCORES, no throw
Batting: RHB Yves Girard 0-0: Called Strike
0-1: SINGLE (Groundball, 34D)
Arnie Taylor to second
Runner from 2nd tries for 3rd, SAFE, throw made to third
Batting: SHB Daniel Brewer 0-0: Ball
1-0: Foul Ball, location: 2F
1-1: Foul Ball, location: 2F
1-2: Fly out, F5 (Popup, 6S)
Bottom of the 4th over - 1 run, 1 hit, 0 errors, 2 left on base; San Antonio 5 - Asheville 9
TOP OF THE 5TH
San Antonio BC batting - Pitching for Asheville Highlanders : RHP Jacob Petithomme
Batting: RHB Mike Howard 0-0: Called Strike
0-1: Swinging Strike
0-2: Ball
1-2: Ball
2-2: Ball
3-2: Base on Balls
Batting: RHB Tom Bancroft 0-0: Ball
Wild Pitch!
Mike Howard to second
1-0: Ball
2-0: Called Strike
2-1: Foul Ball, location: 2F
2-2: SINGLE (Flyball, 8LS)
Mike Howard to third
Runner from 3rd tries for Home, SAFE, no throw
Pitching: RHP Francisco Santos
Batting: RHB Silverberry Mouhon 0-0: Swinging Strike
0-1: SINGLE (Line Drive, 8LS)
Tom Bancroft to second
Batting: RHB Phil Gillespie 0-0: Called Strike
0-1: Ball
1-1: Ball
2-1: Fly out, F8 (Line Drive, 8LXD)
Runner from 2nd tags up, SAFE at 3rd, no throw
Now in CF: Leonard Ash
Batting: LHB Pablo Morales 0-0: Called Strike
0-1: SINGLE (Line Drive, 8LM)
Tom Bancroft scores
Silverberry Mouhon to second
Batting: RHB Brodie Floyd 0-0: Foul Ball, location: 2F
0-1: Ball
1-1: Called Strike
1-2: Foul Ball, location: 2F
1-2: Strikes out swinging
Batting: RHB Ramón Robles 0-0: Called Strike
0-1: Foul Ball, location: 2F
0-2: Strikes out swinging
Top of the 5th over - 2 runs, 3 hits, 0 errors, 2 left on base; San Antonio 7 - Asheville 9
BOTTOM OF THE 5TH
Asheville Highlanders batting - Pitching for San Antonio BC : LHP Andrew Valdés
Batting: LHB King Rutledge 0-0: Called Strike
0-1: Called Strike
0-2: Ball
1-2: Ball
2-2: Fly out, F9 (Flyball, 9LS)
Batting: LHB DeMarvion Overshown 0-0: Foul Ball, location: 2F
0-1: SINGLE (Line Drive, 8RS)
Batting: LHB Johnny Carter 0-0: Ball
1-0: Foul Ball, location: 2F
1-1: Ball
2-1: Swinging Strike
2-2: Strikes out swinging
Batting: RHB Leonard Ash 0-0: Called Strike
0-1: Ball
1-1: Foul Ball, location: 2F
1-2: Strikes out swinging
Bottom of the 5th over - 0 runs, 1 hit, 0 errors, 1 left on base; San Antonio 7 - Asheville 9
TOP OF THE 6TH
San Antonio BC batting - Pitching for Asheville Highlanders : RHP Francisco Santos
Batting: RHB Alfonso Torres 0-0: Ball
1-0: Called Strike
1-1: Ball
2-1: Ball
3-1: Base on Balls
Batting: RHB Ben Hampton 0-0: Bunted foul
0-1: Sac Bunt - play at first, batter OUT! 2-4
Alfonso Torres to second
Batting: RHB Mike Howard 0-0: Ball
1-0: Swinging Strike
1-1: Swinging Strike
1-2: Strikes out swinging
Batting: RHB Tom Bancroft 0-0: Ball
1-0: Ball
2-0: Called Strike
2-1: SINGLE (Groundball, 34D)
Alfonso Torres to third
Runner from 3rd tries for Home, SAFE, no throw
Batting: RHB Silverberry Mouhon 0-0: Ball
1-0: Ball
Error on foul ball, E5
2-1: Ball
3-1: Called Strike
3-2: Strikes out swinging
Top of the 6th over - 1 run, 1 hit, 1 error, 1 left on base; San Antonio 8 - Asheville 9
BOTTOM OF THE 6TH
Asheville Highlanders batting - Pitching for San Antonio BC : LHP Andrew Valdés
Batting: LHB Luis Serrano 0-0: Ball
1-0: Ball
2-0: Called Strike
2-1: Foul Ball, location: 2F
2-2: Ball
3-2: Base on Balls
Batting: RHB Arnie Taylor 0-0: Sac Bunt - play at first, batter OUT! 2-4
Luis Serrano to second
Batting: SHB Jeff Lowe 0-0: Foul Ball, location: 2F
0-1: Called Strike
0-2: Foul Ball, location: 2F
0-2: Fly out, F9 (Flyball, 9S)
Batting: RHB Yves Girard 0-0: Called Strike
0-1: Fly out, F7 (Flyball, 7)
Bottom of the 6th over - 0 runs, 0 hits, 0 errors, 1 left on base; San Antonio 8 - Asheville 9
TOP OF THE 7TH
San Antonio BC batting - Pitching for Asheville Highlanders : RHP Francisco Santos
Batting: RHB Phil Gillespie 0-0: Swinging Strike
0-1: Foul Ball, location: 2F
0-2: Ball
1-2: Ground out 6-3 (Groundball, 6M)
Batting: LHB Pablo Morales 0-0: Ball
1-0: Ball
2-0: Ball
3-0: Base on Balls
Batting: RHB Brodie Floyd 0-0: Ball
1-0: Ball
2-0: Ball
3-0: Called Strike
3-1: Foul Ball, location: 2F
3-2: Base on Balls
Pablo Morales to second
Batting: RHB Ramón Robles 0-0: Called Strike
0-1: Ball
1-1: Ball
2-1: Ground out U3 (Groundball, 3)
Pablo Morales to third
Brodie Floyd to second
Batting: RHB Alfonso Torres 0-0: Ball
1-0: Fly out, F7 (Flyball, 7S)
Top of the 7th over - 0 runs, 0 hits, 0 errors, 2 left on base; San Antonio 8 - Asheville 9
BOTTOM OF THE 7TH
Asheville Highlanders batting - Pitching for San Antonio BC : LHP Andrew Valdés
Batting: SHB Daniel Brewer 0-0: Swinging Strike
0-1: Called Strike
0-2: Ball
1-2: Strikes out looking
Batting: LHB King Rutledge 0-0: Called Strike
0-1: Fly out, F7 (Flyball, 7)
Pitching: RHP Tomás Apresentao
Batting: LHB DeMarvion Overshown 0-0: Ball
1-0: SINGLE (Line Drive, 4MD)
Batting: LHB Johnny Carter 0-0: Swinging Strike
0-1: Ball
1-1: Fielders Choice at 2nd, 6-4 (Groundball, 6)
Bottom of the 7th over - 0 runs, 1 hit, 0 errors, 1 left on base; San Antonio 8 - Asheville 9
TOP OF THE 8TH
San Antonio BC batting - Pitching for Asheville Highlanders : RHP Francisco Santos
Now at 3B: José Segura
Batting: RHB Ben Hampton 0-0: Ball
1-0: Foul Ball, location: 2F
1-1: Fly out, F8 (Flyball, 8RD)
Batting: RHB Mike Howard 0-0: SINGLE (Line Drive, 7S)
Pitching: LHP Larcena Pennington
Batting: RHB Tom Bancroft 0-0: Fly out, F7 (Flyball, 7)
Batting: RHB Silverberry Mouhon 0-0: Called Strike
0-1: Fly out, F9 (Flyball, 9LM)
Top of the 8th over - 0 runs, 1 hit, 0 errors, 1 left on base; San Antonio 8 - Asheville 9
BOTTOM OF THE 8TH
Asheville Highlanders batting - Pitching for San Antonio BC : RHP Tomás Apresentao
Batting: RHB Leonard Ash 0-0: Swinging Strike
0-1: Ball
1-1: TRIPLE (Flyball, 89XD)
Batting: LHB Luis Serrano 0-0: Ball
1-0: Swinging Strike
1-1: Called Strike
1-2: Strikes out swinging
Batting: RHB Arnie Taylor 0-0: Intentional Walk
Batting: SHB Jeff Lowe 0-0: Called Strike
0-1: Ball
1-1: Ball
2-1: Called Strike
2-2: Foul Ball, location: 2F
2-2: Fly out, F9 (Flyball, 9S)
Runner from 3rd tags up, OUT at HOME
Bottom of the 8th over - 0 runs, 1 hit, 0 errors, 1 left on base; San Antonio 8 - Asheville 9
TOP OF THE 9TH
San Antonio BC batting - Pitching for Asheville Highlanders : LHP Larcena Pennington
Batting: RHB Phil Gillespie 0-0: SINGLE (Line Drive, 6D)
Pinch Hitting: RHB José Salinas 0-0: Sac Bunt - play at second, runner safe!
Batting: RHB Brodie Floyd 0-0: Ball
1-0: Ball
2-0: Foul Ball, location: 2F
2-1: SINGLE (Flyball, 7S)
Phil Gillespie to third
José Salinas to second
Runner from 3rd tries for Home, throw and OUT!
Batting: RHB Ramón Robles 0-0: Ball
1-0: Called Strike
1-1: Ball
2-1: Called Strike
2-2: Ball
3-2: Strikes out swinging
Batting: RHB Alfonso Torres 0-0: Ball
1-0: Ball
2-0: Called Strike
2-1: Foul Ball, location: 2F
2-2: Foul Ball, location: 2F
2-2: Ground out 3-1 (Groundball, 34)
Top of the 9th over - 0 runs, 2 hits, 0 errors, 2 left on base; San Antonio 8 - Asheville 9
Friday, March 29th, 2019 - OOTP Baseball 18.8 Build 76